 Dungeon Crawl Stone Soup version 0.31-a0-271-gb88eb75e06 (webtiles) character file.

Game seed: 12260288759791716535

9804 Jackthecabe the Protected (level 11, -16/84 HPs)
             Began as a Demigod Conjurer on June 12, 2023.
             Demolished by a boulder beetle (48 damage)
             ... on level 11 of the Dungeon on July 15, 2023.
             The game lasted 00:28:17 (13661 turns).

Jackthecabe the Protected (Demigod Conjurer)       Turns: 13661, Time: 00:28:17

Health: -16/84     AC: 11    Str:  8    XL:     11   Next: 7%
Magic:  3/20       EV: 11    Int: 32    God:
Gold:   611        SH:  8    Dex: 12    Spells: 5/18 levels left

rFire   + . .        A - +6 dagger "Uczor" {freeze, rElec Will+ Dex+4}
rCold   . . .        u - +3 buckler of the Snail {Dex-4 Slay+2 SInv Stlth+}
rNeg    . . .        N - +0 steam dragon scales
rPois   .            y - +0 helmet
rElec   +            (no cloak)
rCorr   +            J - +0 pair of gloves
SInv    +            K - +0 pair of boots
Will    ++...        (no amulet)
Stlth   +++          R - ring of resist corrosion
HPRegen 0.34/turn    F - ring of protection from fire
MPRegen 0.17/turn

%: no passive effects
@: no status effects
A: high MP 1, forlorn, divine attributes
a: no special abilities


You were on level 11 of the Dungeon.
You visited 1 branch of the dungeon, and saw 11 of its levels.

You collected 611 gold pieces.


Innate Abilities, Weirdness & Mutations

You have an increased reservoir of magic. (+10% MP)
You shall have no god before yourself.
Your divine heritage dramatically boosts your attributes as you level up.


   Skills:
 - Level 4.0 Fighting
 + Level 8.8 Armour
 - Level 1.7 Dodging
 - Level 1.7 Stealth
 - Level 5.0 Shields
 - Level 4.0 Spellcasting
 - Level 8.0 Conjurations
 - Level 6.0 Hexes
 - Level 6.0 Translocations
 - Level 2.0 Evocations


You had 5 spell levels left.
You knew the following spells:

 Your Spells              Type           Power      Damage    Failure   Level
f - Fulminant Prism       Conj/Hex       25%        3d14      4%          4
m - Magic Dart            Conj           100%       1d8       1%          1
s - Searing Ray           Conj           100%       2d8       1%          2
B - Blink                 Tloc           88%        N/A       1%          2
X - Iskenderun's Mystic   Conj/Tloc      50%        2d11      4%          4

Your spell library contained the following spells:

 Spells                   Type           Power      Damage    Failure   Level
 Apportation              Tloc           88%        N/A       1%          1
 Slow                     Hex            100%       N/A       1%          1
 Lesser Beckoning         Tloc           88%        N/A       1%          2
 Momentum Strike          Conj/Tloc      100%       3d10      1%          2
 Confusing Touch          Hex            44%        N/A       1%          3
 Dazzling Flash           Conj/Hex       100%       N/A       1%          3
 Vhi's Electric Charge    Tloc/Air       50%        N/A       7%          3
 Necrotise                Necr           24%        1d5       9%          1
 Summon Small Mammal      Summ           24%        N/A       9%          1
 Sublimation of Blood     Necr           6%         N/A       12%         2
 Wereblood                Tmut           6%         N/A       12%         2
 Vampiric Draining        Necr           6%         2d6       24%         3
 Arcjolt                  Conj/Air       16%        1d26      41%         5
 Summon Hydra             Summ           3%         N/A       100%        7
 Maxwell's Capacitive Co  Air            3%         ∞         100%        8

Inventory:

Hand Weapons
 e - a +0 dagger
 i - a +0 rapier
 l - a +2 whip of venom
 A - the +6 dagger "Uczor" (weapon) {freeze, rElec Will+ Dex+4}
   (You found it on level 4 of the Dungeon)

   Dex:       It affects your dexterity (+4).
   rElec:     It insulates you from electricity.
   Will:      It increases your willpower.
Missiles
 M - a curare-tipped dart {=f}
Armour
 a - a +0 robe
 u - the +3 buckler of the Snail (worn) {Dex-4 Slay+2 SInv Stlth+}
   (You found it on level 8 of the Dungeon)

   Dex:       It affects your dexterity (-4).
   Slay:      It affects your accuracy & damage with ranged weapons and melee
   (+2).
   SInv:      It lets you see invisible.
   Stlth:     It makes you more stealthy.
 y - a +0 helmet (worn)
 J - a +0 pair of gloves (worn)
 K - a +0 pair of boots (worn)
 N - +0 steam dragon scales (worn)
Magical Staves
 k - a staff of fire {!a}
Jewellery
 f - a ring of protection from fire
 E - a +5 ring of evasion
 F - a ring of protection from fire (right hand)
 R - a ring of resist corrosion (left hand)
Wands
 c - a wand of paralysis (22)
 D - a wand of roots (12)
Scrolls
 d - 7 scrolls of teleportation {@r2}
 h - 2 scrolls of enchant weapon
 m - 2 scrolls of amnesia
 n - 2 scrolls of blinking {unknown}
 o - 2 scrolls of silence {!r}
 p - 2 scrolls of enchant armour {unknown}
 r - a scroll of summoning
 t - 5 scrolls of fear
 x - a scroll of torment {unknown}
 G - 2 scrolls of immolation
 L - 4 scrolls of identify {@r1}
Potions
 b - 2 potions of magic
 g - 6 potions of ambrosia
 j - a potion of heal wounds {unknown}
 q - 4 potions of curing {@q1}
 s - a potion of berserk rage {unknown}
 v - a potion of mutation {unknown}
 w - a potion of brilliance {unknown}
 z - a potion of enlightenment {unknown}
 B - 3 potions of lignification {unknown}
 C - 6 potions of attraction {unknown}
 H - 2 potions of might {unknown}
 I - 3 potions of degeneration {unknown}

Dungeon Overview and Level Annotations

Branches:
Dungeon (11/15)            Temple (0/1) D:7            Lair (0/5) D:8
    Orc: D:9-12

Shops:
D:7 **   D:11 =

Annotations:
D:7 3 runed translucent doors, knightboat's ghost, novice DrSh

#####
##...##
#.....#####
#.@........
#.B...####
##D..##
##)## #.#
#.#
#####o#####
#.........#
#.#...###.#


You could see a boulder beetle (rolling), a seven-headed hydra and an orc wizard
(invisible).


Message History

You hear a shout!
You hear a howl!
You hear a shout!
Things that are here:
a +0 falchion; an orc corpse A boulder beetle comes into view.
The boulder beetle bites you!
The boulder beetle attacks as you move away!
The boulder beetle bites you!
An orc wizard comes into view. It is wielding a +0 quarterstaff.
The boulder beetle curls into a ball and begins rolling!
The boulder beetle hits you.
The boulder beetle stops rolling and uncurls.
The boulder beetle curls into a ball and begins rolling!
The boulder beetle hits you!!
* * * LOW HITPOINT WARNING * * *
The boulder beetle stops rolling and uncurls.
Items here: ))) ÷.
The boulder beetle curls into a ball and begins rolling!
There is a stone staircase leading up here.
Casting: Fulminant Prism (dangerous; 4% risk of failure)
Confirm with . or Enter, or press ? or * to list all spells.
You erupt in a blast of force!
The mystic blast hits the boulder beetle!
The boulder beetle is lightly wounded.
The boulder beetle is knocked back by the mystic blast.
The orc wizard casts a spell.
The orc wizard flickers and vanishes for a moment.
Unknown command.
The boulder beetle hits you!!!
Ouch! That really hurt!
You die...

Skill      XL: |  1  2  3  4  5  6  7  8  9 10 |
---------------+-------------------------------+-----
Spellcasting   | 2 3 4 |  4.0
Conjurations   | 4 5 6 7 8 |  8.0
Hexes          | 4 6 |  6.0
Translocations | 5 6 |  6.0
Fighting       | 4 |  4.0
Shields        | 5 |  5.0
Evocations     | 2 |  2.0
Armour         | 1 8 |  8.8
Dodging        | |  1.7
Stealth        | |  1.7

Action                     |  1- 3 |  4- 6 |  7- 9 | 10-12 || total
---------------------------+-------+-------+-------+-------++-------
  Melee: Unarmed           |     5 |       |       |       ||     5
         Whip              |     8 |    31 |    17 |       ||    56
         Punch             |       |     1 |       |       ||     1
         Dagger            |       |       |     9 |    12 ||    21
   Cast: Magic Dart        |    75 |    61 |   236 |    84 ||   456
         Searing Ray       |     4 |     8 |    44 |    16 ||    72
         Iskenderun's Myst |       |       |     9 |    23 ||    32
         Fulminant Prism   |       |       |    13 |    24 ||    37
         Blink             |       |       |     1 |       ||     1
    Use: Potion            |     1 |       |       |     1 ||     2
         Scroll            |       |       |     7 |       ||     7
   Stab: Sleeping          |       |       |     1 |     1 ||     2
 Armour: Robe              |     1 |     5 |    12 |    14 ||    32
         Steam dragon scal |       |       |       |     5 ||     5
  Dodge: Dodged            |    16 |    28 |    53 |    37 ||   134
  Block: Buckler           |       |       |     9 |    43 ||    52

Levels and vault maps discovered:
D:1:      minmay_arrival_jagged, layout_rooms, dreamdust_wishing_well
D:2:      layout_basic, nicolae_titane
D:3:      layout_loops_ring, ebering_ecumenical_altar_box, minmay_checkerbox
D:4:      layout_basic, pdpol_wu_jian_five_deadly_venoms, uniq_edmund,
          uniq_blork_the_orc, uniq_robin
D:5:      layout_cave_pods, serial_glass, glass_columns_b, glass_columns_a,
          chequers_serial_rivers_micro_d
D:6:      kennysheep_slugbush, layout_rooms, okawaru_trees_2
D:7:      layout_basic, nicolae_gozag_zags_fifth_avenue,
          minmay_temple_entry_tees, gammafunk_ghost_necromancy, serial_shops,
          kennysheep_mini_moat, st_stairs_1
D:8:      layout_rooms, marbit_many_paths, lair_entry_dummy
D:9:      cheibrodos_steamvent, layout_basic, mainiacjoe_overflow_cross_hatched,
          gammafunk_temple_overflow_forgotten, uniq_prince_ribbit1
D:10:     layout_roguey [special_room_bee], kennysheep_flooded_box
D:11:     layout_loops_corners, erik_orc_4, serial_shops, nicolae_diamond_shop,
          nicolae_shop_tiny_real_fake_doors, shop

Notes
Turn   | Place    | Note
-------+----------+-------------------------------------------
     0 | D:1      | Jackthecabe the Demigod Conjurer began the quest for the
                  | Orb.
     0 | D:1      | Reached XP level 1. HP: 14/14 MP: 5/5
   105 | D:1      | Reached skill level 2 in Spellcasting
   292 | D:1      | Reached XP level 2. HP: 20/20 MP: 4/7
   328 | D:1      | Learned a level 2 spell: Searing Ray
   450 | D:1      | Reached skill level 4 in Conjurations
   980 | D:2      | Reached XP level 3. HP: 26/26 MP: 2/9
  1341 | D:2      | You fall into a shaft and drop 1 floor!
  1375 | D:3      | Reached skill level 3 in Spellcasting
  1375 | D:3      | Reached XP level 4. HP: 7/33 MP: 4/11
  1838 | D:2      | Learned a level 4 spell: Fulminant Prism
  2159 | D:2      | Reached skill level 5 in Conjurations
  2852 | D:3      | Reached XP level 5. HP: 33/38 MP: 5/12
  3050 | D:4      | Noticed Edmund
  3063 | D:4      | Killed Edmund
  3064 | D:4      | Reached skill level 6 in Conjurations
  3156 | D:4      | Reached XP level 6. HP: 45/45 MP: 10/13
  3307 | D:4      | Reached skill level 7 in Conjurations
  3533 | D:4      | Noticed Robin
  3537 | D:4      | Killed Robin
  3538 | D:4      | Reached XP level 7. HP: 50/50 MP: 4/14
  4071 | D:4      | Noticed Blork the orc
  4076 | D:4      | Killed Blork the orc
  4077 | D:4      | Reached skill level 8 in Conjurations
  4077 | D:4      | Reached skill level 1 in Hexes
  4077 | D:4      | Identified the +6 dagger "Uczor" {freeze, rElec Will+
                  | Dex+4}
  4211 | D:5      | Entered Level 5 of the Dungeon
  4284 | D:5      | Learned a level 2 spell: Blink
  4591 | D:5      | Reached skill level 2 in Hexes
  4670 | D:5      | Reached skill level 3 in Hexes
  4859 | D:5      | Reached skill level 4 in Hexes
  5321 | D:5      | Upgraded the game from 0.31-a0-161-gb58dd9be76 to
                  | 0.31-a0-271-gb88eb75e06
  5491 | D:6      | Reached XP level 8. HP: 51/57 MP: 10/15
  5510 | D:6      | Reached skill level 5 in Hexes
  5898 | D:6      | Reached skill level 6 in Hexes
  5903 | D:6      | Learned a level 4 spell: Iskenderun's Mystic Blast
  6067 | D:6      | Reached skill level 1 in Translocations
  6358 | D:6      | Reached skill level 2 in Translocations
  6475 | D:6      | Reached skill level 3 in Translocations
  6781 | D:6      | Reached skill level 4 in Translocations
  7240 | D:7      | Found a staircase to the Ecumenical Temple.
  7468 | D:7      | Reached skill level 5 in Translocations
  7659 | D:7      | Reached XP level 9. HP: 62/62 MP: 12/16
  7801 | D:7      | Found Rafofan's Assorted Antiques.
  7867 | D:7      | Found Gozag's Platinum Reserve.
  8097 | D:7      | Reached skill level 6 in Translocations
  8316 | D:7      | Found a runed translucent gate.
  8316 | D:7      | Found a runed translucent gate.
  8316 | D:7      | Found a runed translucent gate.
  8318 | D:7      | Noticed a spectral unseen horror
  8319 | D:7      | Noticed a spectral unseen horror
  8321 | D:7      | Noticed knightboat's ghost (novice DrSh)
  8465 | D:8      | Reached skill level 4 in Spellcasting
  8590 | D:8      | Reached skill level 1 in Fighting
  8709 | D:8      | Reached skill level 2 in Fighting
  8837 | D:8      | Reached skill level 3 in Fighting
  9061 | D:8      | Identified the +3 buckler of the Snail {Dex-4 Slay+2 SInv
                  | Stlth+}
  9255 | D:8      | Found a staircase to the Lair.
  9501 | D:9      | Reached skill level 4 in Fighting
  9501 | D:9      | Reached skill level 1 in Shields
  9569 | D:9      | Noticed Prince Ribbit
  9609 | D:9      | Killed Prince Ribbit
  9610 | D:9      | Reached skill level 2 in Shields
  9636 | D:9      | Reached skill level 3 in Shields
 10003 | D:9      | Reached skill level 4 in Shields
 10309 | D:9      | Noticed a two-headed ogre
 10324 | D:9      | Killed a two-headed ogre
 10325 | D:9      | Reached skill level 5 in Shields
 10325 | D:9      | Reached skill level 2 in Evocations
 10325 | D:9      | Reached skill level 1 in Armour
 10325 | D:9      | Reached XP level 10. HP: 44/78 MP: 4/19
 10498 | D:9      | Reached skill level 2 in Armour
 10588 | D:9      | Reached skill level 3 in Armour
 11103 | D:10     | Entered Level 10 of the Dungeon
 11298 | D:10     | Reached skill level 4 in Armour
 11304 | D:10     | Reached skill level 5 in Armour
 11442 | D:10     | Reached skill level 6 in Armour
 12013 | D:9      | HP: 6/78 [poisoned by a kobold brigand (curare-tipped
                  | dart)]
 12409 | D:10     | Reached skill level 7 in Armour
 13000 | D:11     | Noticed a seven-headed hydra
 13004 | D:11     | Reached skill level 8 in Armour
 13139 | D:11     | Noticed a two-headed ogre
 13278 | D:11     | Found Verecrue's Jewellery Boutique.
 13286 | D:11     | Noticed a two-headed ogre
 13288 | D:11     | Reached XP level 11. HP: 84/84 MP: 11/20
 13301 | D:11     | Killed a two-headed ogre
 13646 | D:11     | Noticed a boulder beetle
 13661 | D:11     | Demolished by a boulder beetle

Vanquished Creatures
  2 two-headed ogres
  A gargoyle (D:10)
  A queen bee (D:10)
  A troll (D:10)
  Prince Ribbit (D:9)
  A wyvern (D:9)
  A shadow (D:9)
  A wraith (D:10)
  4 yaks (D:10)
  4 steam dragons
  2 vampire mosquitoes (D:11)
  Edmund (D:4)
  An acid dragon (D:9)
  2 water moccasins
  2 ice beasts
  A sky beast (D:7)
  5 ogres
  A phantom (D:7)
  12 centaurs
  4 kobold brigands
  6 bullfrogs
  Blork the orc (D:4)
  3 scorpions
  4 wights (D:8)
  30 killer bees
  3 electric eels (D:6)
  4 howler monkeys
  9 orc priests
  4 jellies
  2 hounds
  5 iguanas
  8 orc wizards
  A sleepcap (D:5)
  Robin (D:4)
  3 gnolls (D:2)
  5 adders
  2 shadow imps
  3 ufetubi
  2 worms
  13 dart slugs
  28 orcs
  4 endoplasms
  6 giant cockroaches
  9 hobgoblins
  3 jackals (D:2)
  3 quokkas
  5 ball pythons
  6 bats
  3 frilled lizards
  14 goblins
  30 kobolds
  6 rats
274 creatures vanquished.

Vanquished Creatures (others)
  37 fulminant prisms
37 creatures vanquished.

Grand Total: 311 creatures vanquished

Table legend: (Time is in decaauts)
 A = Elapsed time spent in this place.
 B = Non-inter-level travel time spent in this place.
 C = Inter-level travel time spent in this place.
 D = Time resting spent in this place.
 E = Time spent auto-exploring this place.
 F = Levels seen in this place.
 G = Mean time per level.
                   A        B        C        D        E       F      G
               +--------+--------+--------+--------+--------+-----+--------+
         Total |  13707 |  13359 |    348 |   2823 |   8632 |  11 | 1246.1 |
       Dungeon |  13707 |  13359 |    348 |   2823 |   8632 |  11 | 1246.1 |
               +--------+--------+--------+--------+--------+-----+--------+

Top non-repeatable levels by time:
    D:10: 2010 daAuts
     D:9: 1744 daAuts
     D:6: 1533 daAuts
     D:7: 1445 daAuts
     D:5: 1324 daAuts
     D:4: 1194 daAuts
     D:2: 1094 daAuts
     D:8: 1048 daAuts
     D:3: 1000 daAuts
     D:1: 925 daAuts
    D:11: 387 daAuts

Table legend:
 A = Non-vault XP
 B = Vault XP
 C = Vault XP percentage of total XP
 D = Non-vault monster count
 E = Vault monster count
 F = Vault count percentage of total count
                 A         B        C        D         E       F
            +---------+---------+-------+---------+---------+-------
      Total |   10866 |    3141 |  22.4 |     206 |      68 |  24.8
            +---------+---------+-------+---------+---------+-------
        D:1 |      38 |       0 |   0.0 |      22 |       0 |   0.0
        D:2 |      75 |       0 |   0.0 |      23 |       0 |   0.0
        D:3 |     123 |      18 |  12.8 |      16 |       4 |  20.0
        D:4 |     535 |     284 |  34.7 |      17 |      12 |  41.4
        D:5 |     560 |       0 |   0.0 |      11 |       0 |   0.0
        D:6 |    1076 |      40 |   3.6 |      21 |      10 |  32.3
        D:7 |     692 |     137 |  16.5 |      16 |       3 |  15.8
        D:8 |    1029 |      35 |   3.3 |      26 |       1 |   3.7
        D:9 |    2386 |     624 |  20.7 |      26 |       3 |  10.3
       D:10 |    2465 |    1867 |  43.1 |      17 |      26 |  60.5
       D:11 |    1887 |     136 |   6.7 |      11 |       9 |  45.0
            +---------+---------+-------+---------+---------+-------
